Map: Orbital Shipyard

Players

iaguz

  • Race: Terran Terran

Neeb - Winner!

  • Race: Protoss Protoss
  • League: Grandmaster

Event: Team Gravity's Fight Night #39

VOD

Have the link to the VOD?

Description

Time

  • Played on: Nov. 20, 2015, 7:08 p.m.
  • Length: 8:46

All games in this series

Show
View Real Time Build Order
Export as new Build Order

iaguz Terran 

Build Orders: Reaper Expand, MMM Bio 

Get SALT Encoding   

  12  0:01  SCV  
  13  0:16  Supply Depot  
  13  0:18  SCV  
  14  0:31  SCV  
  15  0:39  Barracks  
  15  0:43  Refinery  
  15  0:47  SCV  
  16  0:59  SCV  
  17  1:12  SCV  
  18  1:26  Orbital Command  
  18  1:27  Reaper  
  19  1:41  Command Center  
  19  1:52  SCV  
  20  1:59  Supply Depot, Reaper  
  21  2:04  SCV  
  22  2:16  SCV  
  23  2:32  SCV  
  23  2:35  Factory  
  24  2:37  Barracks  
  24  2:44  SCV  
  24  2:45  Reaper  
  25  2:56  Orbital Command  
  25  2:57  Barracks x2  
  25  3:06  SCV  
  26  3:13  Bunker  
  26  3:19  SCV  
  27  3:22  Widow Mine  
  29  3:31  SCV  
  29  3:35  SCV  
  29  3:38  Marine  
  31  3:43  SCV  
  31  3:45  Refinery  
  31  3:46  Marine x2  
  31  3:47  SCV  
  35  3:55  SCV, Factory Reactor  
  36  3:59  SCV  
  37  4:04  Barracks Tech Lab, Engineering Bay  
  37  4:07  SCV  
  37  4:14  Barracks Tech Lab x2  
  37  4:15  SCV  
  38  4:18  Starport  
  38  4:22  Supply Depot  
  40  4:24  Marauder  
  40  4:25  SCV  
  40  4:27  SCV  
  40  4:31  Refinery  
  42  4:33  Marauder x2  
  46  4:40  Supply Depot  
  46  4:44  SCV x2, Stimpack  
  46  4:45  Supply Depot  
  48  4:49  Marine x2  
  48  4:51  Marauder  
  52  4:56  SCV x2  
  54  5:04  Viking  
  56  5:08  SCV  
  56  5:10  Marine  
  56  5:11  Marauder, Marine  
  56  5:12  SCV  
  62  5:20  SCV, Supply Depot  
  62  5:21  Supply Depot  
  63  5:22  Marauder x2  
  63  5:25  SCV  
  63  5:28  Terran Infantry Weapons Level 1, Refinery  
  68  5:33  SCV  
  68  5:37  SCV  
  68  5:42  Factory Reactor  
  69  5:43  Marine  
  69  5:44  Marine x4  
  69  5:45  Medivac  
  76  5:52  SCV x2  
  76  5:56  Supply Depot  
  78  5:58  Combat Shields  
  78  5:59  Supply Depot  
  78  6:03  Concussive Shells  
  78  6:08  Marauder x2, Marine x2  
  78  6:09  Marauder  
  87  6:25  SCV x2  
  87  6:28  Supply Depot x2  
  88  6:33  Medivac x2  
  88  6:37  SCV  
  88  6:38  SCV  
  85  6:41  Marine x2  
  85  6:42  Marauder x3  
  93  6:53  SCV x2  
  95  6:54  Liberator  
  95  6:55  Barracks  
  95  7:00  Liberator  
  95  7:01  Marine x2  
  92  7:10  Marauder x3  
  101  7:21  SCV x2  
  105  7:32  Marine  
  105  7:33  Marine, Marauder x3  
  113  7:39  SCV x2  
  113  7:43  Liberator  
  115  7:45  Barracks Reactor, Widow Mine  
  117  7:51  Marine  
  117  7:55  Marine  
  117  8:01  Supply Depot x2  
  116  8:09  Marauder x3  
  122  8:18  Supply Depot  
Show
View Real Time Build Order
Export as new Build Order

Neeb Protoss - Winner!

Build Orders: 1 Gate Expand 

Get SALT Encoding   

  12  0:00  Probe (Chrono Boost)  
  13  0:11  Probe (Chrono Boost)  
  14  0:16  Pylon  
  14  0:21  Probe (Chrono Boost)  
  15  0:35  Probe (Chrono Boost)  
  16  0:36  Gateway  
  16  0:45  Probe (Chrono Boost)  
  17  0:56  Probe (Chrono Boost)  
  18  1:06  Probe (Chrono Boost)  
  19  1:13  Nexus  
  19  1:22  Cybernetics Core  
  19  1:25  Probe (Chrono Boost)  
  20  1:29  Assimilator  
  20  1:34  Assimilator  
  20  1:37  Probe (Chrono Boost)  
  21  1:46  Pylon  
  21  1:48  Probe (Chrono Boost)  
  22  1:58  Probe (Chrono Boost)  
  23  2:05  Adept (Chrono Boost)  
  25  2:10  Probe  
  25  2:14  Warp Gate  
  26  2:22  Probe  
  26  2:29  Probe, Adept (Chrono Boost)  
  27  2:34  Probe  
  29  2:40  Probe (Chrono Boost)  
  30  2:50  Mothership Core (Chrono Boost)  
  32  2:52  Probe (Chrono Boost)  
  33  3:03  Probe (Chrono Boost)  
  34  3:09  Probe (Chrono Boost), Robotics Facility  
  35  3:13  Probe (Chrono Boost)  
  35  3:19  Probe (Chrono Boost)  
  37  3:24  Probe (Chrono Boost)  
  38  3:30  Probe (Chrono Boost)  
  39  3:34  Probe (Chrono Boost)  
  39  3:40  Gateway, Probe (Chrono Boost)  
  41  3:43  Gateway  
  41  3:44  Assimilator  
  41  3:45  Probe (Chrono Boost)  
  42  3:49  Assimilator  
  42  3:51  Probe (Chrono Boost)  
  42  3:54  Probe (Chrono Boost)  
  42  3:55  Pylon  
  44  3:56  Observer (Chrono Boost)  
  44  4:01  Robotics Bay  
  44  4:02  Probe  
  46  4:11  Probe  
  46  4:14  Probe  
  48  4:17  Pylon  
  48  4:20  Warp Prism (Chrono Boost)  
  48  4:22  Probe  
  51  4:25  Pylon  
  51  4:26  Probe  
  52  4:32  Sentry  
  52  4:34  Probe  
  55  4:38  Probe, Pylon  
  55  4:42  Adept  
  55  4:43  Adept  
  55  4:45  Probe  
  60  4:49  Gravitic Drive  
  61  4:54  Disruptor (Chrono Boost)  
  61  4:55  Probe  
  61  4:57  Probe  
  66  5:06  Forge  
  66  5:07  Probe  
  66  5:08  Probe  
  68  5:18  Probe, Pylon  
  68  5:20  Probe  
  70  5:25  Disruptor (Chrono Boost)  
  73  5:33  Protoss Ground Armor Level 1 (Chrono Boost)  
  73  5:34  Nexus  
  73  5:36  Pylon  
  73  5:37  Pylon  
  73  5:45  Probe, Twilight Council  
  73  5:46  Probe  
  75  5:53  Disruptor (Chrono Boost)  
  75  5:55  Probe  
  79  5:58  Probe  
  80  6:08  Stalker  
  80  6:09  Stalker x2  
  80  6:11  Probe x2  
  87  6:16  Pylon  
  88  6:20  Photon Cannon  
  88  6:22  Photon Cannon  
  88  6:23  Probe x2  
  88  6:25  Blink (Chrono Boost)  
  90  6:30  Disruptor  
  93  6:35  Probe  
  93  6:37  Probe  
  95  6:47  Probe  
  95  6:49  Probe  
  95  6:50  Gateway  
  95  6:51  Gateway x2  
  95  6:53  Probe  
  97  6:55  Pylon  
  97  6:59  Probe  
  99  7:06  Disruptor  
  99  7:08  Probe  
  102  7:09  Probe  
  102  7:10  Stalker x3  
  102  7:14  Assimilator  
  102  7:15  Assimilator  
  110  7:24  Forge  
  110  7:25  Pylon  
  110  7:32  Probe x2, Pylon  
  110  7:33  Stalker  
  110  7:34  Stalker  
  110  7:35  Stalker  
  118  7:44  Stalker  
  118  7:47  Stalker, Disruptor  
  118  7:48  Stalker  
  127  8:15  Adept x4  
  127  8:16  Adept x2  
  139  8:21  Gateway  
  139  8:23  Gateway  
  139  8:25  Pylon  
  130  8:35  Stalker  
  130  8:36  Stalker x4  

Tags
 
Add a new tag
Caveats
  • Supply blocks, unpowered buildings, or Contaminate may cause inaccurate times.
  • Supply counts are checked every 10 seconds.